 Dungeon Crawl Stone Soup version 0.30.0-29-ga12c61a403 (webtiles) character file.

Game seed: 14118846793690015676

14 AIAndy the Changer (level 2, -4/19 HPs)
             Began as a Demonspawn Wanderer on June 18, 2023.
             Slain by a gnoll
             ... wielding a +0 flail
              (11 damage)
             ... on level 1 of the Dungeon.
             The game lasted 00:02:38 (339 turns).

AIAndy the Changer (Demonspawn Wanderer)             Turns: 339, Time: 00:02:38

Health: -4/19      AC:  3    Str: 13    XL:     2   Next: 31%
Magic:  2/3        EV: 11    Int: 14    God:
Gold:   34         SH:  0    Dex: 10    Spells: 2/3 levels left

rFire   . . .        a - +0 hand axe
rCold   . . .        (no shield)
rNeg    . . .        d - +0 robe
rPois   .            b - +0 helmet
rElec   .            (no cloak)
rCorr   .            (no gloves)
SInv    .            (no boots)
Will    .....        (no amulet)
Stlth   ++           (no ring)
HPRegen 0.23/turn    (no ring)
MPRegen 0.08/turn

%: no passive effects
@: very slightly contaminated
A: hooves 1
a: no special abilities


You were on level 1 of the Dungeon.
You visited 1 branch of the dungeon, and saw 1 of its levels.

You collected 34 gold pieces.

Inventory:

Hand Weapons
 a - a +0 hand axe (weapon)
 h - a +0 sling
Armour
 b - a +0 helmet (worn)
 d - a +0 robe (worn)
Scrolls
 c - a scroll of teleportation
 e - a scroll of identify {unknown}
Potions
 f - a potion of mutation {unknown}
 g - a potion of haste {unknown}
 i - a potion of heal wounds {unknown}


   Skills:
 - Level 2.6 Axes
 - Level 1.0 Dodging
 - Level 1.7 Stealth
 + Level 1.1 Spellcasting
 + Level 3.2 Transmutations
 + Level 0.4 Poison Magic


You had 2 spell levels left.
You knew the following spells:

 Your Spells              Type           Power      Damage    Failure   Level
a - Sting                 Tmut/Pois      24%        1d4       12%         1

Your spell library contained the following spells:

 Spells                   Type           Power      Damage    Failure   Level
 Wereblood                Tmut           9%         N/A       11%         2
 Spider Form              Tmut/Pois      6%         N/A       36%         3


Dungeon Overview and Level Annotations

Branches:
Dungeon (1/15)

Altars:


Innate Abilities, Weirdness & Mutations

You have large cloven feet.


Message History

You now have 34 gold pieces (gained 16).
You see here a frilled lizard corpse.
A goblin comes into view. It is wielding a +0 club.
The goblin shouts!
The goblin closely misses you.
You closely miss the goblin. Your kick misses the goblin.
The goblin closely misses you.
You hit the goblin.
You kill the goblin!
No target in view!
Unknown command.
Found a sling.
Okay, then.
Found a puce potion.
You see here a +0 sling.
h - a +0 sling
Okay, then.
i - a puce potion A gnoll comes into view.
It is wielding a +0 flail.
The gnoll shouts!
The gnoll closely misses you.
You closely miss the gnoll. Your kick misses the gnoll.
The gnoll barely misses you. x2
You hit the gnoll. You kick the gnoll.
The gnoll is moderately wounded.
The gnoll hits you with a +0 flail.
You hit the gnoll. You kick the gnoll, but do no damage.
The gnoll is severely wounded.
The gnoll hits you with a +0 flail!
You are too injured to fight recklessly!
You are too injured to fight recklessly!
Aiming: Sting (safe; 12% risk of failure)
Press: ? - help, Q - select action Shift-Dir - straight line, f - gnoll
Aim: a gnoll, wielding a +0 flail (severely wounded, 72% to hit)
You miscast Sting.
You are very lightly contaminated with residual magic.
Nothing appears to happen.
The gnoll hits you with a +0 flail!
Ouch! That really hurt!
You die...

........#.# #.......#.#
. #.##....#.###### ..
#.##.#..........
...######......#.#######
...........#.#.#.#
...........#.#.#.#
.....#.....#.#...#
.......@...#.#####
.....#g........
..........###.#
.#.##....#.. #.#
...##8.⌠. # .#.. #..⌠.#
#.#.# #...# # ## 8#.


You could see a gnoll.

Vanquished Creatures
  An endoplasm (D:1)
  A giant cockroach (D:1)
  2 goblins (D:1)
  2 jackals (D:1)
  A quokka (D:1)
  3 bats (D:1)
  A frilled lizard (D:1)
  2 kobolds (D:1)
13 creatures vanquished.

Notes
Turn   | Place    | Note
-------+----------+-------------------------------------------
     0 | D:1      | AIAndy the Demonspawn Wanderer began the quest for the Orb.
     0 | D:1      | AIAndy set off with the following items: a +0 hand axe, a
                  | +0 helmet, a scroll of teleportation, a +0 robe; and the
                  | following spell memorised: Sting; and the following spells
                  | available to memorise: Wereblood, Spider Form.
     0 | D:1      | Reached XP level 1. HP: 13/13 MP: 2/2
   138 | D:1      | Reached skill level 3 in Transmutations
   150 | D:1      | Gained mutation: You have large cloven feet. [demonic
                  | ancestry]
   150 | D:1      | Reached XP level 2. HP: 8/19 MP: 0/3
   339 | D:1      | Slain by a gnoll

Illustrated notes

Levels and vault maps discovered:
D:1:      scummos_arrival_star, layout_basic, shapermc_ecumenical_altar_venn,
          nicolae_kite_square_tiling_tiny, dreamdust_mushroom_princess

Skill      XL: |  1 |
---------------+----+-----
Transmutations | 3 |  3.2
Axes           | |  2.6
Dodging        | |  1.0
Stealth        | |  1.7
Spellcasting   | |  1.1
Poison Magic   | |  0.4

Action                     || total
---------------------------++-------
  Melee: Hand axe          ||    39
         Kick              ||     4
   Cast: Sting             ||     6
 Armour: Robe              ||    11
  Dodge: Dodged            ||    38
